 Dungeon Crawl Stone Soup version 0.26.1-10-gdfb7c7de75 (webtiles) character file.

Game seed: 14011974180838520808

67 Chiseanne the Magician (level 4, 30/30 HPs)
             Began as a Demonspawn Hedge Wizard on Apr 10, 2021.
             Quit the game on level 2 of the Dungeon.
             The game lasted 00:03:27 (2585 turns).

Chiseanne the Magician (Demonspawn Hedge Wizard)    Turns: 2585, Time: 00:03:27

Health: 30/30      AC:  4    Str: 11    XL:     4   Next: 0%
Magic:  7/9        EV: 12    Int: 16    God:
Gold:   111        SH:  0    Dex: 12    Spells: 4/10 levels left

rFire    . . .     SeeInvis .   a - +0 short sword
rCold    . . .     Faith    .   (no shield)
rNeg     . . .     Spirit   .   b - +1 robe
rPois    .         Reflect  .   m - +0 helmet
rElec    .         Harm     .   (no cloak)
rCorr    .         Rampage  .   (no gloves)
Will     .....                  (no boots)
Stlth    ++........             (no amulet)
HPRegen  0.10/turn              (no ring)
MPRegen  0.11/turn              (no ring)

@: no status effects
A: hooves 1, miasma immunity
a: no special abilities


You were on level 2 of the Dungeon.
You visited 1 branch of the dungeon, and saw 2 of its levels.

You collected 111 gold pieces.

Inventory:

Hand Weapons
 a - a +0 short sword (weapon)
 d - a +0 hunting sling
Missiles
 f - 30 bolts
 j - 104 stones
 l - 29 poisoned darts
Armour
 b - a +1 robe (worn)
 m - a +0 helmet (worn)
Jewellery
 i - an uncursed amulet of faith
Scrolls
 e - a scroll of blinking
 g - a scroll of identify
 n - a scroll of amnesia
Potions
 c - a potion of mutation
 h - 2 potions of curing
 p - 2 potions of might


   Skills:
 - Level 1.7 Dodging
 - Level 1.7 Stealth
 * Level 3.7 Spellcasting
 * Level 2.6 Conjurations
 - Level 1.0 Summonings
 - Level 0.8 Translocations
 * Level 0.5 Air Magic
 * Level 0.5 Poison Magic


You had 4 spell levels left.
You knew the following spells:

 Your Spells              Type           Power        Failure   Level
a - Magic Dart            Conj           44%          6%          1
b - Blink                 Tloc           N/A          19%         2
d - Mephitic Cloud        Conj/Pois/Air  6%           30%         3

Your spell library contained the following spells:

 Spells                   Type           Power        Failure   Level
 Call Imp                 Summ           6%           17%         2
 Slow                     Hex            3%           26%         2
 Conjure Flame            Conj/Fire      7%           30%         3


Dungeon Overview and Level Annotations

Branches:
Dungeon (2/15)

Altars:


Innate Abilities, Weirdness & Mutations

You have large cloven feet.
You are immune to miasma.


Message History

Things that are here:
a +0 dagger; a kobold corpse Drop what? 14/52 slots (_ for help) (? for menu, Esc to quit)
You are now empty-handed.
You drop a +0 dagger.
You see here a +0 short sword.
a - a +0 short sword
a - a +0 short sword (weapon)
A frilled lizard, a bat and a rat come into view.
Casting: Magic Dart (safe; 6% risk of failure)
Confirm with . or Enter, or press ? or * to list all spells.
Aiming: Magic Dart (safe; 6% risk of failure)
Press: ? - help, Shift-Dir - straight line, f - bat
Aim: a bat (asleep, 0% to evade)
The magic dart hits the bat.
You kill the bat!
The frilled lizard hisses angrily.
You have reached level 4!
You feel stronger.
Your demonic ancestry asserts itself...
Your feet thicken and deform.
Are you sure you want to abandon this character and quit the game? (Confirm with "yes".)

#. #r# # #. .# ...
... . ..#.#.#. ..
#...... ..
#.#.#.#.#..
#.(.....l #....#
#@# #.... .# ..
#.# #.... .# ...
#.# #.... .##...
#.# #.# .##......
#.# #.# .........
#.# #.# #........
#.# ##.###........
#.# #.........#...
#.###..###....#...


You could see a frilled lizard and a rat (asleep).

Vanquished Creatures
  2 adders (D:2)
  An ooze (D:2)
  A dart slug (D:1)
  A leopard gecko (D:1)
  A ball python (D:1)
  4 giant cockroaches
  5 goblins
  4 hobgoblins
  8 jackals
  3 bats
  3 frilled lizards
  3 kobolds
  4 rats
40 creatures vanquished.

Notes
Turn   | Place    | Note
-------+----------+-------------------------------------------
     0 | D:1      | Chiseanne the Demonspawn Hedge Wizard began the quest for
                  | the Orb.
     0 | D:1      | Reached XP level 1. HP: 13/13 MP: 4/4
     2 | D:1      | Noticed an octopode
     4 | D:1      | Noticed a naga
     4 | D:1      | Noticed a minotaur
     6 | D:1      | Noticed a felid
     6 | D:1      | Noticed a tengu
     8 | D:1      | Noticed a vine stalker
    10 | D:1      | Noticed a human
    10 | D:1      | Noticed an ogre
    12 | D:1      | Noticed a dwarf
    12 | D:1      | Noticed an elf
    14 | D:1      | Noticed a gargoyle
    14 | D:1      | Noticed a ghoul
    16 | D:1      | Noticed a demonspawn
    18 | D:1      | Noticed a halfling
    18 | D:1      | Noticed a demigod
    20 | D:1      | Noticed a draconian
    20 | D:1      | Noticed a formicid
    22 | D:1      | Noticed a vampire
    22 | D:1      | Noticed a merfolk
    25 | D:1      | Noticed a centaur
    27 | D:1      | Noticed a spriggan
    27 | D:1      | Noticed a troll
   255 | D:1      | Gained mutation: You are immune to miasma. [demonic
                  | ancestry]
   255 | D:1      | Reached XP level 2. HP: 14/19 MP: 1/6
  1529 | D:2      | Reached XP level 3. HP: 24/24 MP: 1/8
  1959 | D:2      | Learned a level 2 spell: Blink
  1963 | D:2      | Learned a level 3 spell: Mephitic Cloud
  2585 | D:2      | Gained mutation: You have large cloven feet. [demonic
                  | ancestry]
  2585 | D:2      | Reached XP level 4. HP: 30/30 MP: 7/9
  2585 | D:2      | Quit the game

Illustrated notes

Levels and vault maps discovered:
D:1:      kb_arrival_jail, layout_basic, minmay_misc_feat_pillars,
          wander_ebering_terrifying_dragon_lair
D:2:      layout_loops_cross, st_stairs_2

Skill      XL: |  1  2 |
---------------+-------+-----
Conjurations   | 2 |  2.6
Dodging        | |  1.7
Stealth        | |  1.7
Spellcasting   | |  3.7
Summonings     | |  1.0
Translocations | |  0.8
Air Magic      | |  0.5
Poison Magic   | |  0.5

Action                   |  1- 3 |  4- 6 || total
-------------------------+-------+-------++-------
Melee: Dagger            |    37 |       ||    37
 Cast: Magic Dart        |    94 |       ||    94
  Use: Scroll            |    14 |       ||    14
Armor: Robe              |    13 |       ||    13
Dodge: Dodged            |    27 |       ||    27
